 Dungeon Crawl Stone Soup version 0.30.0-29-ga12c61a403 (webtiles) character file.

Game seed: 3131056779671467696

71731 qw the Severer (level 15, 0/96 HPs)
             Began as a Gargoyle Fighter on June 4, 2023.
             Was a High Priest of Okawaru.
             Slain by a ten-headed hydra (8 damage)
             ... on level 13 of the Dungeon.
             The game lasted 00:11:03 (19643 turns).

qw the Severer (Gargoyle Fighter)                  Turns: 19643, Time: 00:11:04

Health: 0/96       AC: 45    Str: 26    XL:     15   Next: 37%
Magic:  17/22      EV: 15    Int: 10    God:    Okawaru [*****.]
Gold:   1435       SH:  7    Dex:  9    Spells: 14/14 levels left

rFire   . . .        Y - +3 broad axe (venom)
rCold   + . .        c - +0 buckler
rNeg    + . .        o - +5 plate armour
rPois   inf          s - +2 helmet
rElec   +            (no cloak)
rCorr   .            n - +1 pair of gloves
SInv    +            a - +3 pair of mountain boots {steadfast, rC+}
Will    +....        x - amulet of the acrobat Stlth
                     m - ring of see invisible
HPRegen 0.36/turn    k - +5 ring of evasion
MPRegen 0.18/turn

%: acrobat
@: about to teleport, heroic, finesse-ful, marked, flying
A: sickness immunity, AC +11, big wings, negative energy resistance 1,
electricity resistance, torment resistance 1, petrification resistance
a: Renounce Religion, Heroism, Finesse, Duel


You were on level 13 of the Dungeon.
You worshipped Okawaru.
Okawaru was extremely pleased with you.
You visited 3 branches of the dungeon, and saw 19 of its levels.
You also visited: Gauntlet.

You collected 1435 gold pieces.


Innate Abilities, Weirdness & Mutations

You are immune to sickness and miasma.
Your stone body is resilient. (AC +11)
You are immune to poison.
Your large and strong wings let you fly.
You resist negative energy. (rN+)
You are resistant to electric shocks. (rElec)
You are resistant to unholy torment.
You are immune to petrification.


   Skills:
 - Level 12.0(17.0) Fighting
 + Level 16.4(21.4) Axes
 - Level 6.9(11.9) Throwing
 - Level 12.0(17.0) Armour
 - Level 3.1(8.1) Dodging
 - Level 8.0(13.0) Shields
 - Level 10.0 Invocations


You had 14 spell levels left.
You didn't know any spells.
Your spell library was empty.

Inventory:

Hand Weapons
 Y - a +3 broad axe of venom (weapon)
Missiles
 v - 6 boomerangs (quivered)
Armour
 a - the +3 pair of mountain boots (worn) {steadfast, rC+}
   (You acquired it on level 1 of the Dungeon)

   Steadfast: It prevents involuntary movement, except for blinking,
   teleportation, or banishment.
   rC:        It protects you from cold.
 c - a +0 buckler (worn)
 n - a +1 pair of gloves (worn)
 o - a +5 plate armour (worn)
 s - a +2 helmet (worn)
 t - +0 ice dragon scales
 w - +0 acid dragon scales
Jewellery
 h - a +4 ring of protection
 k - a +5 ring of evasion (right hand)
 m - a ring of see invisible (left hand)
 q - a ring of fire
 x - an amulet of the acrobat (around neck)
 A - a ring of protection from cold
Scrolls
 j - 4 scrolls of identify
Potions
 d - 5 potions of might
 e - 2 potions of mutation
 f - 4 potions of lignification
 i - a potion of haste
 l - a potion of magic
 p - a potion of heal wounds
 r - 8 potions of curing
 z - 2 potions of attraction

Dungeon Overview and Level Annotations

Branches:
Dungeon (13/15)            Temple (1/1) D:5            Lair (5/5) D:11
  Swamp (0/4) Lair:3       Spider (0/4) Lair:2        Slime (0/5) Lair:5
    Orc (0/2) D:9         Gauntlet (visited)
 Vaults: D:13-14

Altars:
Ashenzari
Cheibriados
Dithmenos
Elyvilon
Fedhas
Gozag
Hepliaklqana
Kikubaaqudgha
Makhleb
Nemelex Xobeh
Okawaru
Qazlal
Ru
Sif Muna
Trog
Uskayaw
Vehumet
Wu Jian
Xom
Yredelemnul
Zin
The Shining One

Shops:
D:5 *

Annotations:
D:3 2 runed translucent doors, qw's ghost, amateur GrFi


Message History

You kill the centaur!
Okawaru accepts your kill.
You slash the centaur warrior!
The centaur warrior unwields a +0 shortbow.
You block the centaur warrior's attack.
The centaur warrior kicks you but does no damage.
You slice the centaur warrior!!
The centaur warrior looks as sick as possible!
The centaur warrior is severely wounded.
A cyclops comes into view.
You closely miss the centaur warrior.
The centaur warrior is severely wounded.
You slice one of the seven-headed hydra's heads off!
The six-headed hydra grows two more!
You slash the eight-headed hydra!
A cyclops comes into view.
The centaur warrior barely misses you. You block the centaur warrior's attack.
You barely miss the centaur warrior.
The centaur warrior is severely wounded.
You chop one of the eight-headed hydra's heads off!
The seven-headed hydra grows two more!
You slice the nine-headed hydra!!
You cut the centaur warrior into ribbons!!!
You kill the centaur warrior!
Okawaru accepts your kill.
You slice one of the nine-headed hydra's heads off!
The eight-headed hydra grows two more!
You slice the ten-headed hydra!!
The ten-headed hydra is poisoned.
The ten-headed hydra bites you!
The ten-headed hydra bites you but does no damage. x2
The ten-headed hydra bites you.
The ten-headed hydra bites you but does no damage. x3
The ten-headed hydra bites you!
You block the ten-headed hydra's attack.
The ten-headed hydra bites you but does no damage.
19643 ||| READING scroll of teleportation.
As you read the scroll of teleportation, it crumbles to dust.
You feel strangely unstable. The ten-headed hydra bites you!
The ten-headed hydra bites you but does no damage. x4
The ten-headed hydra barely misses you. x2; The ten-headed hydra bites you!
You die...

#...# #..#.#
#...####### #..#.#.#
####....##..###..#.#.#
#........##..##..#...##
#^...........###....$..
#.......#.#....#.......
#.......#....#.#.......
###########.....D......
.......#@)......
.##+##.))#.(...$
#../..(....
9#.#........
..#........C.
#+##...#.#....
..#...... . . ........


You could see a ten-headed hydra (very poisoned), a cyclops and a gargoyle.

Vanquished Creatures
  3 dire elephants (Lair:5)
  A minotaur (Gauntlet)
  Josephine (D:10)
  An ice dragon (Lair:5)
  A ghost crab (Gauntlet)
  2 hydras
  5 centaur warriors (D:13)
  2 two-headed ogres
  2 death yaks (Lair:5)
  Urug (D:10)
  3 skysharks
  A skeletal warrior (D:9)
  An obsidian statue (Lair:5)
  A spectral anaconda (Lair:5)
  5 necromancers
  2 oklob plants (Lair:4)
  4 ugly things
  28 elephants
  5 cyclopes
  A dire elephant zombie (Lair:5)
  4 black mambas
  Maggie (D:7)
  15 cane toads
  A dire elephant skeleton (Lair:5)
  2 rime drakes
  22 komodo dragons
  A hornet (D:9)
  Prince Ribbit (D:6)
  3 trolls
  3 polar bears (Lair:5)
  5 blink frogs (Lair:4)
  9 slime creatures
  4 dream sheep (Lair:5)
  2 jumping spiders (Lair:2)
  2 spectral elephants (Lair:5)
  16 flying skulls (Gauntlet)
  5 shadows
  9 wyverns
  5 wraiths
  50 yaks
  3 water elementals (D:12)
  4 basilisks
  4 vampire mosquitoes (D:12)
  3 death yak simulacra (Lair:5)
  A redback (Lair:2)
  2 steam dragons
  2 acid dragons
  10 water moccasins
  A floating eye (Lair:4)
  3 ice beasts
  5 orc warriors (D:9)
  2 black bears
  An elephant zombie (Lair:5)
  2 sky beasts (D:8)
  10 wolves
  2 elephant skeletons (Lair:5)
  2 ogres
  6 centaurs
  14 bullfrogs
  4 kobold brigands
  A gnoll sergeant (D:9)
  A scorpion (D:5)
  2 cane toad simulacra (Lair:5)
  14 wights
  10 killer bees
  An elephant simulacrum (Lair:5)
  6 howler monkeys
  6 electric eels
  4 orc priests
  4 hounds
  A jelly (D:4)
  A gnoll bouda (D:5)
  4 iguanas
  2 orc wizards
  6 hell rats (Lair:4)
  A sleepcap (D:4)
  2 yak simulacra (Lair:2)
  3 polar bear simulacra (Lair:2)
  3 wolf simulacra (Lair:2)
  Robin (D:4)
  11 gnolls
  6 adders
  An ufetubus (D:5)
  A worm (D:4)
  A dart slug (D:4)
  28 orcs
  4 ball pythons
  6 bats
  7 endoplasms
  5 giant cockroaches
  16 goblins
  10 hobgoblins
  4 quokkas
  4 frilled lizards
  24 kobolds
  3 rats (D:3)
  3 river rat simulacra (Lair:2)
  A spectral orc (D:9)
519 creatures vanquished.

Vanquished Creatures (others)
  A kobold (D:10)
1 creature vanquished.

Grand Total: 520 creatures vanquished

Notes
Turn   | Place    | Note
-------+----------+-------------------------------------------
     0 | D:1      | qw the Gargoyle Fighter began the quest for the Orb.
     0 | D:1      | Reached XP level 1. HP: 14/14 MP: 1/1
     0 | D:1      | 0 ||| qw: Version: 0.2-a-107-g4668610
     0 | D:1      | 0 ||| qw: Game counter: 1230
     0 | D:1      | 0 ||| qw: Always use a shield: true
     0 | D:1      | 0 ||| qw: God list: Okawaru
     0 | D:1      | 0 ||| qw: Allow faded altars: false
     0 | D:1      | 0 ||| qw: Do Orc after D:15 true
     0 | D:1      | 0 ||| qw: Do second Lair branch before Depths: true
     0 | D:1      | 0 ||| qw: Lair rune preference: random
     0 | D:1      | 0 ||| qw: Plans: Normal, Zot:1-4, Slime:5, God:TSO, Crypt,
                  | Tomb, Abyss, Pan, Hells, Win
     0 | D:1      | 0 ||| PLANNING D:1-11
    32 | D:1      | Reached skill level 2 in Axes
    51 | D:1      | You fall into a shaft and drop 1 floor!
    67 | D:2      | Found a faded altar of an unknown god.
    92 | D:2      | Found a hide-covered altar of Uskayaw.
   119 | D:2      | Reached XP level 2. HP: 19/19 MP: 2/2
   154 | D:2      | 154 ||| UPGRADING to +0 chain mail.
   164 | D:2      | 164 ||| DROPPING +0 scale mail.
   165 | D:2      | 165 ||| UPGRADING to +6 ring of dexterity.
   431 | D:1      | 431 ||| DROPPING +0 club.
   762 | D:1      | 762 ||| UPGRADING to +0 plate armour.
   772 | D:1      | 772 ||| DROPPING +0 chain mail.
   773 | D:1      | 773 ||| READING scroll labelled OHUL XOIWO.
   773 | D:1      | Identified a scroll of acquirement
   773 | D:1      | 773 ||| ACQUIRING +3 pair of mountain boots {steadfast,
                  | rC+}
   773 | D:1      | Acquired the +3 pair of mountain boots {steadfast, rC+}
   773 | D:1      | Found the +3 pair of mountain boots {steadfast, rC+}
   775 | D:1      | 775 ||| UPGRADING to +3 pair of mountain boots {steadfast,
                  | rC+}.
   780 | D:1      | 780 ||| READING scroll labelled IRGHI WASEHO.
   781 | D:1      | 781 ||| READING scroll labelled ADEASYANGU.
   785 | D:1      | 785 ||| READING scroll labelled WEFIC FODYVVAL.
   941 | D:2      | 941 ||| Stepping ~*~*~tactically~*~*~ (stealth).
   950 | D:2      | 950 ||| Stepping ~*~*~tactically~*~*~ (stealth).
  1076 | D:2      | Reached skill level 3 in Axes
  1076 | D:2      | Reached XP level 3. HP: 23/23 MP: 3/3
  1381 | D:2      | 1381 ||| UPGRADING to +5 ring of evasion.
  1382 | D:2      | 1382 ||| READING scroll labelled ILEQIA SIYRPH.
  1383 | D:2      | 1383 ||| READING scroll labelled OTAITI HUF GIARHU.
  1384 | D:2      | 1384 ||| DROPPING +0 whip.
  1385 | D:2      | 1385 ||| READING scroll labelled FUVAYPAKL DOEN.
  1386 | D:2      | 1386 ||| READING 2 scrolls labelled UREHIU OBYPE.
  1387 | D:2      | 1387 ||| READING scroll labelled QOTISK YFABENN.
  1388 | D:2      | 1388 ||| READING scroll labelled RAYRGHY MAGAU.
  1389 | D:2      | 1389 ||| DROPPING scroll of vulnerability.
  1521 | D:3      | Reached skill level 4 in Axes
  1521 | D:3      | Reached XP level 4. HP: 17/28 MP: 4/4
  1524 | D:3      | 1524 ||| FLEEEEING.
  1525 | D:3      | 1525 ||| FLEEEEING.
  1528 | D:3      | 1528 ||| FLEEEEING.
  1529 | D:3      | 1529 ||| FLEEEEING.
  1530 | D:3      | 1530 ||| FLEEEEING.
  1531 | D:3      | 1531 ||| FLEEEEING.
  1537 | D:3      | 1537 ||| STAIRDANCE
  1667 | D:3      | Found a large runed translucent door.
  1667 | D:3      | Found a large runed translucent door.
  1671 | D:3      | Noticed qw's ghost (amateur GrFi)
  1722 | D:3      | Found a sacrificial altar of Ru.
  2253 | D:3      | 2253 ||| UPGRADING to +0 helmet.
  2258 | D:3      | 2258 ||| DRINKING 2 fizzy sapphire potions.
  2292 | D:3      | 2292 ||| DRINKING 2 sapphire potions.
  2391 | D:4      | Noticed Robin
  2396 | D:4      | Killed Robin
  2397 | D:4      | Reached XP level 5. HP: 31/32 MP: 5/5
  2447 | D:4      | 2447 ||| Stepping ~*~*~tactically~*~*~ (hiding).
  2448 | D:4      | 2448 ||| Stepping ~*~*~tactically~*~*~ (hiding).
  2492 | D:4      | Reached skill level 5 in Axes
  2532 | D:4      | 2532 ||| Stepping ~*~*~tactically~*~*~ (stealth).
  2629 | D:4      | Noticed a black bear
  2630 | D:4      | 2630 ||| Stepping ~*~*~tactically~*~*~ (stealth).
  2642 | D:4      | Killed a black bear
  2643 | D:4      | Reached XP level 6. HP: 24/37 MP: 6/6
  2975 | D:4      | 2975 ||| Stepping ~*~*~tactically~*~*~ (stealth).
  2989 | D:4      | 2989 ||| Stepping ~*~*~tactically~*~*~ (stealth).
  2990 | D:4      | 2990 ||| Stepping ~*~*~tactically~*~*~ (stealth).
  2993 | D:4      | 2993 ||| Stepping ~*~*~tactically~*~*~ (stealth).
  3004 | D:4      | Reached XP level 7. HP: 40/44 MP: 7/7
  3190 | D:4      | Found an ornate altar of the Wu Jian Council.
  3359 | D:4      | 3359 ||| UPGRADING to +2 helmet.
  3369 | D:4      | 3369 ||| DROPPING +0 helmet.
  3370 | D:4      | 3370 ||| DRINKING 2 puce potions.
  3371 | D:4      | 3371 ||| READING 3 scrolls of identify.
  3371 | D:4      | 3371 ||| IDENTIFYING viscous white potion
  3372 | D:4      | 3372 ||| READING 2 scrolls of identify.
  3372 | D:4      | 3372 ||| IDENTIFYING bubbling sapphire potion
  3373 | D:4      | 3373 ||| DROPPING potion of degeneration.
  3374 | D:4      | 3374 ||| DROPPING potion of brilliance.
  3400 | D:5      | Entered Level 5 of the Dungeon
  3412 | D:5      | Reached skill level 6 in Axes
  3487 | D:5      | 3487 ||| Stepping ~*~*~tactically~*~*~ (hiding).
  3489 | D:5      | 3489 ||| Stepping ~*~*~tactically~*~*~ (hiding).
  3491 | D:5      | 3491 ||| Stepping ~*~*~tactically~*~*~ (hiding).
  3515 | D:5      | Reached XP level 8. HP: 35/48 MP: 8/8
  3518 | D:5      | Reached skill level 7 in Axes
  3610 | D:5      | Found a staircase to the Ecumenical Temple.
  3611 | D:5      | 3611 ||| PLANNING TEMPLE
  3611 | D:5      | 3611 ||| UPGRADING to ring of see invisible.
  3613 | D:5      | 3613 ||| READING scroll labelled TALAVE PIFAC.
  3623 | Temple   | Entered the Ecumenical Temple
  3623 | Temple   | Found a transporter.
  3623 | Temple   | Found a transporter.
  3625 | Temple   | Found a transporter.
  3625 | Temple   | Found a transporter.
  3635 | Temple   | 3635 ||| PLANNING D:1-11
  3635 | Temple   | 3635 ||| READING 2 scrolls of identify.
  3635 | Temple   | 3635 ||| IDENTIFYING fuming purple potion
  3636 | Temple   | 3636 ||| DROPPING potion of ambrosia.
  3782 | D:5      | Found Duchydok's Serpentskin Sales.
  3815 | D:5      | 3815 ||| Stepping ~*~*~tactically~*~*~ (hiding).
  3935 | D:5      | 3935 ||| DRINKING 2 clear potions.
  3971 | D:6      | Identified the +2 ring mail "Urru" {Fly rPois Int+2 Dex+2}
  4083 | D:6      | Reached skill level 1 in Throwing
  4108 | D:6      | Reached skill level 8 in Axes
  4127 | D:6      | Noticed Prince Ribbit
  4147 | D:6      | Killed Prince Ribbit
  4313 | D:6      | Reached skill level 6 in Fighting
  4313 | D:6      | Reached XP level 9. HP: 55/55 MP: 9/9
  4488 | D:6      | 4488 ||| Stepping ~*~*~tactically~*~*~ (hiding).
  4997 | D:7      | Noticed Maggie
  4999 | D:7      | 4999 ||| Stepping ~*~*~tactically~*~*~ (hiding).
  5000 | D:7      | 5000 ||| Stepping ~*~*~tactically~*~*~ (hiding).
  5022 | D:7      | Killed Maggie
  5023 | D:7      | Reached skill level 9 in Axes
  5096 | D:7      | 5096 ||| SWAPPING to +0 broad axe of flaming.
  5097 | D:7      | 5097 ||| DROPPING +0 war axe of flaming.
  5129 | D:7      | 5129 ||| Stepping ~*~*~tactically~*~*~ (hiding).
  5461 | D:7      | Reached skill level 6 in Armour
  5551 | D:7      | 5551 ||| UPGRADING to amulet of the acrobat.
  5556 | D:7      | 5556 ||| READING scroll labelled FIAMANU XAZI.
  5657 | D:7      | 5657 ||| READING scroll labelled DAFID ZYTYWN.
  5658 | D:7      | 5658 ||| READING scroll labelled SAOLOT VEWN.
  5659 | D:7      | 5659 ||| READING scroll labelled ETHRIMM NAFOELYM.
  5695 | D:7      | 5695 ||| DRINKING 2 grey potions.
  5733 | D:8      | 5733 ||| Stepping ~*~*~tactically~*~*~ (hiding).
  5737 | D:8      | Found a sparkling altar of Nemelex Xobeh.
  5741 | D:8      | 5741 ||| DRINKING 2 potions of curing.
  5741 | D:8      | 5741 ||| (to cure confusion)
  5742 | D:8      | 5742 ||| DRINKING potion of curing.
  5742 | D:8      | 5742 ||| (to cure confusion)
  5745 | D:8      | Found a shadowy altar of Dithmenos.
  5901 | D:8      | Found an iron altar of Okawaru.
  5902 | D:8      | 5902 ||| PLANNING OKAWARU WORSHIP
  5904 | D:8      | Found a hazy altar of Hepliaklqana.
  5909 | D:8      | Became a worshipper of Warmaster Okawaru
  5909 | D:8      | 5909 ||| PLANNING D:1-11
  6005 | D:8      | Found a burning altar of Makhleb.
  6010 | D:8      | Found a bloodstained altar of Trog.
  6318 | D:9      | 6318 ||| Stepping ~*~*~tactically~*~*~ (stealth).
  6320 | D:9      | 6320 ||| Stepping ~*~*~tactically~*~*~ (hiding).
  6346 | D:9      | Reached skill level 10 in Axes
  6348 | D:9      | Noticed a hornet
  6363 | D:9      | Killed a hornet
  6364 | D:9      | Reached XP level 10. HP: 52/64 MP: 10/10
  6368 | D:9      | Reached * piety under Okawaru
  6369 | D:9      | 6369 ||| INVOKING Heroism.
  6370 | D:9      | 6370 ||| INVOKING Heroism.
  6502 | D:9      | Identified the +11 war axe of Tumult {flame, rPois Str-4
                  | Dex+3}
  6504 | D:9      | 6504 ||| DROPPING +11 war axe of Tumult {flame, rPois Str-4
                  | Dex+3}.
  6741 | D:9      | 6741 ||| INVOKING Heroism.
  6863 | D:9      | 6863 ||| Stepping ~*~*~tactically~*~*~ (stealth).
  6871 | D:9      | 6871 ||| Stepping ~*~*~tactically~*~*~ (hiding).
  6875 | D:9      | 6875 ||| INVOKING Heroism.
  6879 | D:9      | Found a staircase to the Orcish Mines.
  6888 | D:9      | 6888 ||| INVOKING Heroism.
  6891 | D:9      | Reached skill level 1 in Invocations
  6899 | D:9      | 6899 ||| INVOKING Heroism.
  6904 | D:9      | Reached skill level 3 in Invocations
  6917 | D:9      | 6917 ||| INVOKING Heroism.
  7108 | D:9      | 7108 ||| Stepping ~*~*~tactically~*~*~ (stealth).
  7110 | D:9      | 7110 ||| Stepping ~*~*~tactically~*~*~ (stealth).
  7186 | D:9      | Reached ** piety under Okawaru
  7321 | D:9      | Found a basalt altar of Yredelemnul.
  7478 | D:9      | 7478 ||| READING scroll labelled URUVVOA VOAH.
  7590 | D:9      | Identified the staff of earth "Ycvudd" {+Blink rF- rN+
                  | Dex+3}
  7590 | D:9      | Noticed a skeletal warrior
  7591 | D:9      | 7591 ||| INVOKING Heroism.
  7598 | D:9      | Killed a skeletal warrior
  7599 | D:9      | Reached skill level 11 in Axes
  7602 | D:9      | Noticed a cyan ugly thing
  7611 | D:9      | 7611 ||| STAIRDANCE
  7614 | D:8      | Killed a cyan ugly thing
  7615 | D:8      | Reached skill level 9 in Fighting
  7615 | D:8      | Reached XP level 11. HP: 24/71 MP: 14/14
  7855 | D:9      | Noticed a cyclops
  7856 | D:9      | 7856 ||| INVOKING Heroism.
  7865 | D:9      | Killed a cyclops
  7891 | D:10     | Entered Level 10 of the Dungeon
  7924 | D:10     | 7924 ||| INVOKING Heroism.
  7996 | D:10     | 7996 ||| FLEEEEING.
  7997 | D:10     | 7997 ||| FLEEEEING.
  8035 | D:10     | Noticed Josephine
  8047 | D:10     | 8047 ||| INVOKING Heroism.
  8050 | D:10     | Killed Josephine
  8050 | D:10     | Reached *** piety under Okawaru
  8060 | D:10     | Reached skill level 12 in Axes
  8320 | D:10     | 8320 ||| INVOKING Heroism.
  8333 | D:10     | 8333 ||| Stepping ~*~*~tactically~*~*~ (stealth).
  8359 | D:10     | Reached skill level 6 in Shields
  8404 | D:10     | 8404 ||| FLEEEEING.
  8405 | D:10     | 8405 ||| FLEEEEING.
  8406 | D:10     | 8406 ||| FLEEEEING.
  8407 | D:10     | 8407 ||| FLEEEEING.
  8420 | D:10     | 8420 ||| Stepping ~*~*~tactically~*~*~ (hiding).
  8547 | D:10     | 8547 ||| Stepping ~*~*~tactically~*~*~ (stealth).
  8549 | D:10     | 8549 ||| Stepping ~*~*~tactically~*~*~ (stealth).
  8551 | D:10     | 8551 ||| INVOKING Heroism.
  8584 | D:10     | Noticed Urug
  8585 | D:10     | 8585 ||| Stepping ~*~*~tactically~*~*~ (hiding).
  8590 | D:10     | 8590 ||| INVOKING Heroism.
  8610 | D:10     | Killed Urug
  8611 | D:10     | Reached skill level 9 in Armour
  8781 | D:10     | Reached **** piety under Okawaru
  8986 | D:10     | 8986 ||| Stepping ~*~*~tactically~*~*~ (hiding).
  8990 | D:10     | 8990 ||| Stepping ~*~*~tactically~*~*~ (hiding).
  9193 | D:10     | 9193 ||| READING scroll labelled BEPHEOPTUTZ.
  9194 | D:10     | 9194 ||| DRINKING 2 metallic green potions.
  9217 | D:11     | 9217 ||| INVOKING Heroism.
  9225 | D:11     | Reached skill level 3 in Throwing
  9271 | D:11     | Noticed a two-headed ogre
  9272 | D:11     | 9272 ||| INVOKING Heroism.
  9275 | D:11     | Killed a two-headed ogre
  9279 | D:11     | 9279 ||| Stepping ~*~*~tactically~*~*~ (stealth).
  9280 | D:11     | 9280 ||| Stepping ~*~*~tactically~*~*~ (stealth).
  9289 | D:11     | Found a bloodstained altar of Trog.
  9380 | D:11     | Noticed a green ugly thing
  9381 | D:11     | 9381 ||| Stepping ~*~*~tactically~*~*~ (stealth).
  9387 | D:11     | Reached XP level 12. HP: 72/77 MP: 15/15
  9429 | D:11     | Received a gift from Okawaru
  9444 | D:11     | 9444 ||| Stepping ~*~*~tactically~*~*~ (stealth).
  9666 | D:11     | 9666 ||| Stepping ~*~*~tactically~*~*~ (hiding).
  9667 | D:11     | 9667 ||| Stepping ~*~*~tactically~*~*~ (hiding).
  9682 | D:11     | 9682 ||| INVOKING Heroism.
  9750 | D:11     | 9750 ||| Stepping ~*~*~tactically~*~*~ (hiding).
  9752 | D:11     | 9752 ||| Stepping ~*~*~tactically~*~*~ (hiding).
  9754 | D:11     | 9754 ||| INVOKING Heroism.
  9780 | D:11     | Found a staircase to the Lair.
  9795 | D:11     | 9795 ||| INVOKING Heroism.
  9800 | D:11     | Reached skill level 6 in Invocations
  9994 | D:11     | 9994 ||| INVOKING Heroism.
  9995 | D:11     | 9995 ||| Stepping ~*~*~tactically~*~*~ (stealth).
 10272 | D:11     | 10272 ||| PLANNING LAIR
 10272 | D:11     | 10272 ||| READING 3 scrolls of identify.
 10272 | D:11     | 10272 ||| IDENTIFYING cyan potion
 10273 | D:11     | 10273 ||| READING 2 scrolls of identify.
 10273 | D:11     | 10273 ||| IDENTIFYING fizzy red potion
 10274 | D:11     | 10274 ||| DROPPING potion of invisibility.
 10389 | Lair:1   | Entered Level 1 of the Lair of Beasts
 10443 | Lair:1   | 10443 ||| INVOKING Heroism.
 10583 | Lair:1   | Reached ***** piety under Okawaru
 10588 | Lair:1   | Received a gift from Okawaru
 10630 | Lair:1   | 10630 ||| INVOKING Heroism.
 10670 | Lair:1   | 10670 ||| INVOKING Heroism.
 10729 | Lair:1   | 10729 ||| READING scroll of enchant weapon.
 10729 | Lair:1   | 10729 ||| ENCHANTING +0 broad axe of flaming.
 10797 | Lair:1   | Reached skill level 13 in Axes
 11436 | Lair:1   | 11436 ||| DRINKING 2 green potions.
 11437 | Lair:1   | 11437 ||| DROPPING potion of flight.
 11451 | Lair:2   | 11451 ||| INVOKING Heroism.
 11478 | Lair:2   | Reached skill level 9 in Invocations
 11482 | Lair:2   | 11482 ||| INVOKING Heroism.
 11483 | Lair:2   | Identified the +4 chain mail of the Eternal Void {Str+6}
                  | (Okawaru gifted it to you on level 2 of the Lair of Beasts)
 11483 | Lair:2   | Received a gift from Okawaru
 11484 | Lair:2   | Reached XP level 13. HP: 37/82 MP: 16/19
 11699 | Lair:2   | Found a hole to the Spider Nest.
 11833 | Lair:2   | 11833 ||| INVOKING Heroism.
 11968 | Lair:2   | 11968 ||| Stepping ~*~*~tactically~*~*~ (stealth).
 12053 | Lair:2   | 12053 ||| Stepping ~*~*~tactically~*~*~ (stealth).
 12137 | Lair:2   | Reached skill level 14 in Axes
 12222 | Lair:2   | 12222 ||| Stepping ~*~*~tactically~*~*~ (stealth).
 12804 | Lair:2   | 12804 ||| UPGRADING to +4 chain mail of the Eternal Void
                  | {Str+6}.
 12814 | Lair:2   | 12814 ||| DROPPING +0 plate armour.
 12815 | Lair:2   | 12815 ||| READING 3 scrolls of identify.
 12815 | Lair:2   | 12815 ||| IDENTIFYING dark potion
 12816 | Lair:2   | 12816 ||| DROPPING potion of berserk rage.
 12909 | Lair:3   | Found a staircase to the Swamp.
 12934 | Lair:3   | 12934 ||| INVOKING Heroism.
 13007 | Lair:3   | 13007 ||| Stepping ~*~*~tactically~*~*~ (water).
 13197 | Lair:3   | 13197 ||| INVOKING Heroism.
 13343 | Lair:3   | 13343 ||| INVOKING Heroism.
 13366 | Lair:3   | 13366 ||| Stepping ~*~*~tactically~*~*~ (stealth).
 13367 | Lair:3   | 13367 ||| Stepping ~*~*~tactically~*~*~ (stealth).
 13369 | Lair:3   | 13369 ||| Stepping ~*~*~tactically~*~*~ (stealth).
 13374 | Lair:3   | 13374 ||| Stepping ~*~*~tactically~*~*~ (stealth).
 13379 | Lair:3   | 13379 ||| INVOKING Heroism.
 13384 | Lair:3   | Reached skill level 3 in Dodging
 13435 | Lair:3   | 13435 ||| Stepping ~*~*~tactically~*~*~ (stealth).
 13436 | Lair:3   | 13436 ||| Stepping ~*~*~tactically~*~*~ (stealth).
 13444 | Lair:3   | 13444 ||| Stepping ~*~*~tactically~*~*~ (stealth).
 13445 | Lair:3   | 13445 ||| Stepping ~*~*~tactically~*~*~ (stealth).
 13504 | Lair:3   | 13504 ||| INVOKING Heroism.
 13557 | Lair:3   | 13557 ||| Stepping ~*~*~tactically~*~*~ (stealth).
 13808 | Lair:3   | 13808 ||| UPGRADING to +4 plate armour.
 13818 | Lair:3   | 13818 ||| DROPPING +4 chain mail of the Eternal Void
                  | {Str+6}.
 13819 | Lair:3   | 13819 ||| READING scroll of enchant armour.
 13819 | Lair:3   | 13819 ||| ENCHANTING +4 plate armour.
 13820 | Lair:3   | 13820 ||| DROPPING +6 ring of intelligence.
 13825 | Lair:4   | 13825 ||| INVOKING Heroism.
 13910 | Lair:4   | 13910 ||| INVOKING Heroism.
 13925 | Lair:4   | 13925 ||| FLEEEEING.
 13926 | Lair:4   | 13926 ||| FLEEEEING.
 13927 | Lair:4   | 13927 ||| FLEEEEING.
 13928 | Lair:4   | 13928 ||| FLEEEEING.
 13929 | Lair:4   | 13929 ||| FLEEEEING.
 13930 | Lair:4   | 13930 ||| FLEEEEING.
 14098 | Lair:4   | 14098 ||| INVOKING Heroism.
 14189 | Lair:4   | 14189 ||| INVOKING Heroism.
 14481 | Lair:4   | 14481 ||| INVOKING Heroism.
 14489 | Lair:4   | Gained mutation: Your large and strong wings let you fly.
                  | [Gargoyle growth]
 14489 | Lair:4   | Reached XP level 14. HP: 54/90 MP: 19/21
 14513 | Lair:4   | 14513 ||| READING 4 scrolls of teleportation.
 14514 | Lair:4   | HP: 21/90 [oklob plant/splash of acid (22)]
 14515 | Lair:4   | 14515 ||| DRINKING 6 potions of heal wounds.
 14692 | Lair:4   | Reached skill level 15 in Axes
 14767 | Lair:4   | 14767 ||| Stepping ~*~*~tactically~*~*~ (stealth).
 14791 | Lair:4   | 14791 ||| INVOKING Heroism.
 15009 | Lair:4   | 15009 ||| INVOKING Heroism.
 15276 | Lair:4   | 15276 ||| UPGRADING to +0 pair of gloves.
 15326 | Lair:5   | Entered Level 5 of the Lair of Beasts
 15341 | Lair:5   | 15341 ||| INVOKING Heroism.
 15348 | Lair:5   | Received a gift from Okawaru
 15449 | Lair:5   | 15449 ||| Stepping ~*~*~tactically~*~*~ (stealth).
 15461 | Lair:5   | 15461 ||| Stepping ~*~*~tactically~*~*~ (stealth).
 15462 | Lair:5   | 15462 ||| Stepping ~*~*~tactically~*~*~ (stealth).
 15464 | Lair:5   | 15464 ||| Stepping ~*~*~tactically~*~*~ (stealth).
 15465 | Lair:5   | 15465 ||| Stepping ~*~*~tactically~*~*~ (stealth).
 15466 | Lair:5   | 15466 ||| Stepping ~*~*~tactically~*~*~ (stealth).
 15604 | Lair:5   | Noticed a dire elephant
 15604 | Lair:5   | Noticed a dire elephant
 15606 | Lair:5   | Noticed a dire elephant
 15607 | Lair:5   | 15607 ||| INVOKING Heroism.
 15608 | Lair:5   | 15608 ||| Stepping ~*~*~tactically~*~*~ (stealth).
 15674 | Lair:5   | 15674 ||| INVOKING Heroism.
 15691 | Lair:5   | Received a gift from Okawaru
 15766 | Lair:5   | 15766 ||| INVOKING Heroism.
 15917 | Lair:5   | Reached skill level 6 in Throwing
 15925 | Lair:5   | 15925 ||| FLEEEEING.
 15926 | Lair:5   | 15926 ||| FLEEEEING.
 15927 | Lair:5   | 15927 ||| FLEEEEING.
 15928 | Lair:5   | 15928 ||| FLEEEEING.
 15929 | Lair:5   | 15929 ||| FLEEEEING.
 15930 | Lair:5   | 15930 ||| FLEEEEING.
 16132 | Lair:5   | 16132 ||| Stepping ~*~*~tactically~*~*~ (hiding).
 16133 | Lair:5   | 16133 ||| INVOKING Heroism.
 16155 | Lair:5   | Killed a dire elephant
 16156 | Lair:5   | Reached skill level 12 in Fighting
 16164 | Lair:5   | HP: 19/92 [dire elephant (24)]
 16165 | Lair:5   | 16165 ||| READING 3 scrolls of teleportation.
 16166 | Lair:5   | 16166 ||| DRINKING 5 potions of heal wounds.
 16170 | Lair:5   | 16170 ||| Stepping ~*~*~tactically~*~*~ (stealth).
 16329 | Lair:5   | 16329 ||| READING scroll of enchant weapon.
 16329 | Lair:5   | 16329 ||| ENCHANTING +1 broad axe of flaming.
 16339 | Lair:5   | Found a staircase to the Slime Pits.
 16405 | Lair:5   | 16405 ||| INVOKING Heroism.
 16455 | Lair:5   | 16455 ||| READING scroll of enchant armour.
 16455 | Lair:5   | 16455 ||| ENCHANTING +0 pair of gloves.
 16487 | Lair:5   | 16487 ||| INVOKING Heroism.
 16489 | Lair:5   | 16489 ||| INVOKING Finesse.
 16506 | Lair:5   | Received a gift from Okawaru
 16862 | Lair:5   | 16862 ||| INVOKING Heroism.
 16877 | Lair:5   | HP: 11/92 [dire elephant (15)]
 16878 | Lair:5   | 16878 ||| READING 2 scrolls of teleportation.
 16879 | Lair:5   | 16879 ||| DRINKING 4 potions of heal wounds.
 16881 | Lair:5   | Killed a dire elephant
 17116 | Lair:5   | 17116 ||| INVOKING Heroism.
 17151 | Lair:5   | 17151 ||| READING scroll of teleportation.
 17171 | Lair:5   | HP: 13/92 [dire elephant (21)]
 17172 | Lair:5   | 17172 ||| DRINKING 3 potions of heal wounds.
 17174 | Lair:5   | 17174 ||| DRINKING 2 potions of heal wounds.
 17177 | Lair:5   | HP: 16/92 [dire elephant (9)]
 17178 | Lair:5   | 17178 ||| DRINKING potion of heal wounds.
 17179 | Lair:5   | 17179 ||| INVOKING Heroism.
 17190 | Lair:5   | HP: 21/92 [dire elephant (4)]
 17194 | Lair:5   | HP: 9/92 [dire elephant (8)]
 17196 | Lair:5   | Killed a dire elephant
 17525 | Lair:5   | 17525 ||| INVOKING Heroism.
 17594 | Lair:5   | 17594 ||| INVOKING Heroism.
 17706 | Lair:5   | 17706 ||| Stepping ~*~*~tactically~*~*~ (hiding).
 17707 | Lair:5   | 17707 ||| Stepping ~*~*~tactically~*~*~ (hiding).
 17852 | Lair:5   | 17852 ||| PLANNING D
 18077 | D:12     | Found a gate leading to a gauntlet.
 18078 | D:12     | 18078 ||| PLANNING GAUNTLET
 18086 | Gauntlet | Entered a Gauntlet
 18086 | Gauntlet | Found a transporter.
 18095 | Gauntlet | Found a transporter.
 18112 | Gauntlet | Found a transporter.
 18116 | Gauntlet | Found a transporter.
 18137 | Gauntlet | Found a transporter.
 18150 | Gauntlet | Found a transporter.
 18161 | Gauntlet | Found a transporter.
 18162 | Gauntlet | Found a transporter.
 18193 | Gauntlet | Found a transporter.
 18222 | Gauntlet | Found a transporter.
 18222 | Gauntlet | Found a transporter.
 18227 | Gauntlet | Found a transporter.
 18272 | Gauntlet | 18272 ||| Stepping randomly (stuck).
 18273 | Gauntlet | 18273 ||| Standing still (stuck).
 18279 | Gauntlet | 18279 ||| Stepping randomly (stuck).
 18288 | Gauntlet | Reached skill level 16 in Axes
 18324 | Gauntlet | Reached XP level 15. HP: 88/96 MP: 22/22
 18383 | Gauntlet | 18383 ||| Stepping ~*~*~tactically~*~*~ (stealth).
 18390 | Gauntlet | 18390 ||| Stepping ~*~*~tactically~*~*~ (stealth).
 18391 | Gauntlet | 18391 ||| Stepping ~*~*~tactically~*~*~ (stealth).
 18407 | Gauntlet | 18407 ||| READING scroll of brand weapon.
 18407 | Gauntlet | 18407 ||| BRANDING +2 broad axe of flaming.
 18408 | Gauntlet | Identified the +0 hat of Satisfaction {Will+ Str+3 Int+3}
 18428 | Gauntlet | 18428 ||| DROPPING +0 hat of Satisfaction {Will+ Str+3
                  | Int+3}.
 18461 | Gauntlet | 18461 ||| INVOKING Heroism.
 18599 | Gauntlet | 18599 ||| DROPPING +1 pair of boots of stealth.
 18628 | Gauntlet | 18628 ||| Stepping ~*~*~tactically~*~*~ (stealth).
 18630 | Gauntlet | 18630 ||| Stepping ~*~*~tactically~*~*~ (hiding).
 18634 | Gauntlet | 18634 ||| INVOKING Heroism.
 18697 | Gauntlet | 18697 ||| READING scroll of enchant weapon.
 18697 | Gauntlet | 18697 ||| ENCHANTING +2 broad axe of freezing.
 18701 | Gauntlet | Identified the +0 leather armour of the Okapi {rElec rC+
                  | Stlth-}
 18707 | Gauntlet | 18707 ||| DROPPING +2 hat of willpower.
 18708 | Gauntlet | 18708 ||| DROPPING +6 ring of dexterity.
 18712 | D:12     | 18712 ||| PLANNING D
 18750 | D:12     | 18750 ||| READING scroll of brand weapon.
 18750 | D:12     | 18750 ||| BRANDING +3 broad axe of freezing.
 18757 | D:12     | 18757 ||| Stepping ~*~*~tactically~*~*~ (stealth).
 18767 | D:12     | 18767 ||| Stepping ~*~*~tactically~*~*~ (hiding).
 18770 | D:12     | 18770 ||| FLEEEEING.
 18772 | D:12     | 18772 ||| FLEEEEING.
 18773 | D:12     | 18773 ||| FLEEEEING.
 18774 | D:12     | 18774 ||| FLEEEEING.
 18775 | D:12     | 18775 ||| FLEEEEING.
 18776 | D:12     | 18776 ||| FLEEEEING.
 18777 | D:12     | 18777 ||| FLEEEEING.
 18778 | D:12     | 18778 ||| FLEEEEING.
 18779 | D:12     | 18779 ||| FLEEEEING.
 18780 | D:12     | 18780 ||| FLEEEEING.
 18781 | D:12     | 18781 ||| FLEEEEING.
 18782 | D:12     | 18782 ||| FLEEEEING.
 18784 | D:12     | 18784 ||| FLEEEEING.
 18785 | D:12     | 18785 ||| STAIRDANCE
 18818 | D:12     | 18818 ||| STAIRDANCE
 18883 | D:12     | 18883 ||| INVOKING Heroism.
 18888 | D:12     | 18888 ||| Stepping ~*~*~tactically~*~*~ (hiding).
 18891 | D:12     | 18891 ||| Stepping ~*~*~tactically~*~*~ (hiding).
 18892 | D:12     | 18892 ||| Stepping ~*~*~tactically~*~*~ (hiding).
 18923 | D:12     | 18923 ||| FLEEEEING.
 19052 | D:12     | Reached skill level 12 in Armour
 19224 | D:12     | 19224 ||| Stepping ~*~*~tactically~*~*~ (stealth).
 19337 | D:12     | 19337 ||| Stepping ~*~*~tactically~*~*~ (stealth).
 19342 | D:12     | Received a gift from Okawaru
 19348 | D:12     | 19348 ||| Stepping ~*~*~tactically~*~*~ (stealth).
 19349 | D:12     | 19349 ||| Stepping ~*~*~tactically~*~*~ (stealth).
 19586 | D:13     | 19586 ||| Stepping ~*~*~tactically~*~*~ (stealth).
 19618 | D:13     | 19618 ||| INVOKING Heroism.
 19625 | D:13     | 19625 ||| INVOKING Finesse.
 19642 | D:13     | HP: 16/96 [ten-headed hydra (11)]
 19643 | D:13     | 19643 ||| READING scroll of teleportation.
 19643 | D:13     | Slain by a ten-headed hydra

Levels and vault maps discovered:
D:1:      elethiomel_arrival_quiet, layout_loops_ring,
          chequers_serial_rivers_room_b, eino_curves_03
D:2:      layout_loops_ring, basic_altar, shapermc_ecumenical_altar_totnotflames
D:3:      layout_basic, nicolae_ru_sacrificial_ziggurat,
          ebering_ghost_disaster_area, bh_walls_and_bars
D:4:      layout_gridville, nicolae_wu_jian_immortal_techniques, uniq_robin
D:5:      layout_cave_pools, minmay_temple_entry_large_hall, guppyfry_shop_venom
D:6:      layout_loops_ring, uniq_prince_ribbit1
D:7:      layout_gridville, uniq_maggie
D:8:      layout_rooms, chequers_temple_overflow_statue_of_worship,
          grunt_temple_overflow_open
D:9:      cheibrodos_elevator_heist, layout_basic,
          yredelemnul_forgotten_temple_becter, david_orc_5
D:10:     layout_basic, uniq_urug, uniq_josephine
D:11:     layout_roguey, erik_lair_dragon, bloody_trog
D:12:     layout_basic, gauntlet_entry_generic, minmay_lizard_king
D:13:     layout_rooms, david_vaults_5, guppyfry_shop_earth
Temple:   hellmonk_temple_divided_pantheon
Lair:1:   layout_chaotic_city, lemuel_fruit_fields, lemuel_fruit_tree
Lair:2:   layout_small_grid, spider_nest_entry_a, eino_house_with_fridge
Lair:3:   layout_gridlike, swamp_mist, serial_bayou_pond_c, beast_lair_carwin_8
Lair:4:   layout_hall_layers, chequers_serial_rivers_small_3, disabler_island
Lair:5:   due_jungle_book, layout_cave_shapes, slime_entry_1,
          portal_ice_cave_entry_animals_and_master, lemuel_old_faithful,
          grunt_megastairs_5, infiniplex_staircase_pool

Skill      XL: |  1  2  3  4  5  6  7  8  9 10 11 12 13 14 15 |
---------------+----------------------------------------------+-----
Axes           | 2 3 4 5 6 8 10 11 12 13 14 16 | 16.4
Dodging        | 2 3 |  3.1
Fighting       | 4 6 7 9 10 11 12 | 12.0
Armour         | 4 5 6 7 9 10 11 12 | 12.0
Throwing       | 1 3 6 |  6.9
Shields        | 4 5 6 7 8 |  8.0
Invocations    | 4 9 10 | 10.0

Action                     |  1- 3 |  4- 6 |  7- 9 | 10-12 | 13-15 || total
---------------------------+-------+-------+-------+-------+-------++-------
  Melee: War axe           |    64 |   126 |   180 |       |       ||   370
         Broad axe         |       |       |    87 |   464 |   984 ||  1535
  Throw: Boomerang         |       |       |    16 |    39 |   100 ||   155
         Javelin           |       |       |       |    44 |    69 ||   113
 Invoke: Heroism           |       |       |       |    24 |    29 ||    53
         Finesse           |       |       |       |       |     2 ||     2
    Use: Scroll            |    10 |       |     8 |     5 |    12 ||    35
         Potion            |       |     2 |     5 |     2 |     6 ||    15
 Armour: Scale mail        |     7 |       |       |       |       ||     7
         Plate armour      |    19 |    48 |   164 |   232 |   509 ||   972
         Chain mail        |     8 |       |       |       |    37 ||    45
  Dodge: Dodged            |    24 |    61 |   155 |   235 |   510 ||   985
  Block: Buckler           |    16 |    28 |    68 |   111 |   205 ||   428

Table legend:
 A = Non-vault XP
 B = Vault XP
 C = Vault XP percentage of total XP
 D = Non-vault monster count
 E = Vault monster count
 F = Vault count percentage of total count
                 A         B        C        D         E       F
            +---------+---------+-------+---------+---------+-------
      Total |   63215 |   39259 |  38.3 |     363 |     156 |  30.1
            +---------+---------+-------+---------+---------+-------
        D:1 |      13 |       0 |   0.0 |       8 |       0 |   0.0
        D:2 |      31 |       0 |   0.0 |      10 |       0 |   0.0
        D:3 |      92 |       0 |   0.0 |      22 |       0 |   0.0
        D:4 |     574 |      35 |   5.7 |      27 |      11 |  28.9
        D:5 |     868 |     166 |  16.1 |      18 |       3 |  14.3
        D:6 |     578 |     291 |  33.5 |      21 |       1 |   4.5
        D:7 |     502 |     404 |  44.6 |       9 |       1 |  10.0
        D:8 |     562 |     581 |  50.8 |       9 |       1 |  10.0
        D:9 |    3029 |    2591 |  46.1 |      27 |      29 |  51.8
       D:10 |    3770 |    2552 |  40.4 |      29 |       6 |  17.1
       D:11 |    5804 |    1553 |  21.1 |      20 |       6 |  23.1
       D:12 |    5655 |     596 |   9.5 |      26 |       6 |  18.8
       D:13 |    6452 |       0 |   0.0 |      15 |       0 |   0.0
     Lair:1 |    5015 |       0 |   0.0 |      23 |       0 |   0.0
     Lair:2 |    9909 |    1496 |  13.1 |      33 |      15 |  31.2
     Lair:3 |    4979 |    2156 |  30.2 |      12 |       8 |  40.0
     Lair:4 |    8823 |    1292 |  12.8 |      38 |       3 |   7.3
     Lair:5 |    6559 |   20007 |  75.3 |      16 |      48 |  75.0
   Gauntlet |       0 |    5539 | 100.0 |       0 |      18 | 100.0
            +---------+---------+-------+---------+---------+-------
